 Dungeon Crawl Stone Soup version 0.31-a0-18-gea43df2a32 (webtiles) character file.

Game seed: 16684021306531919733

9 Liamsmither the Cutter (level 2, 0/20 HPs)
             Began as a Kobold Berserker on May 12, 2023.
             Was a Follower of Trog.
             Slain by a jackal (2 damage)
             ... on level 2 of the Dungeon.
             The game lasted 00:10:20 (658 turns).

Liamsmither the Cutter (Kobold Berserker)            Turns: 658, Time: 00:10:20

Health: 0/20       AC:  2    Str: 14    XL:     2   Next: 20%
Magic:  2/2        EV: 14    Int:  8    God:    Trog [*.....]
Gold:   12         SH:  0    Dex: 14    Spells: 1/1 levels left

rFire   . . .        a - +0 short sword
rCold   . . .        (no shield)
rNeg    . . .        b - +0 animal skin
rPois   .            (no helmet)
rElec   .            (no cloak)
rCorr   .            (no gloves)
SInv    .            (no boots)
Will    .....        (no amulet)
Stlth   ++           (no ring)
HPRegen 0.23/turn    (no ring)
MPRegen 0.08/turn

%: no passive effects
@: no status effects
A: small, no large weapons, nightstalker 3
a: Renounce Religion, Berserk


You were on level 2 of the Dungeon.
You worshipped Trog.
Trog was aware of your devotion.
You visited 1 branch of the dungeon, and saw 2 of its levels.

You collected 12 gold pieces.

Inventory:

Hand Weapons
 a - a +0 short sword (weapon)
 d - a +0 whip
 e - a +0 war axe
 f - a +0 dagger
Armour
 b - a +0 animal skin (worn)
 g - a +0 tower shield
Scrolls
 h - a scroll of identify {unknown}
Potions
 c - a potion of mutation {unknown}


   Skills:
 + Level 3.6 Fighting
 + Level 4.2 Short Blades
 + Level 1.6 Armour
 + Level 2.4 Dodging


You had one spell level left.
You didn't know any spells.
Your spell library was empty.

Dungeon Overview and Level Annotations

Branches:
Dungeon (2/15)

Altars:


Innate Abilities, Weirdness & Mutations

You are small and have problems with some larger weapons.
You are completely attuned to the shadows.


Message History

The jackal is moderately wounded.
The endoplasm freezes you.
You are frozen.
You hit the jackal but do no damage. The jackal misses you.
The jackal barely misses you. The jackal closely misses you.
The endoplasm freezes you.
You are frozen.
A jackal comes into view.
You closely miss the jackal.
The jackal bites you but does no damage.
The jackal closely misses you.
The jackal bites you but does no damage.
The endoplasm hits you. The jackal barely misses you.
The jackal bites you but does no damage.
You miss the jackal. The jackal bites you. The jackal misses you.
The jackal completely misses you. The endoplasm freezes you.
You are frozen.
The jackal misses you. The jackal closely misses you. The jackal misses you.
The jackal attacks as you move away! The jackal bites you.
* * * LOW HITPOINT WARNING * * *
The jackal attacks as you move away! The jackal misses you.
The jackal bites you.
* * * LOW HITPOINT WARNING * * *
The jackal closely misses you. The jackal attacks as you move away!
The jackal bites you.
* * * LOW HITPOINT WARNING * * *
The jackal attacks as you move away! The jackal misses you.
You barely miss the jackal. The jackal closely misses you.
The jackal barely misses you. The jackal closely misses you. x2
You hit the jackal.
The jackal is severely wounded.
The jackal barely misses you. x3
The endoplasm jiggles.
The jackal misses you.
The jackal bites you but does no damage.
You barely miss the jackal.
The jackal is severely wounded.
The jackal misses you. The jackal bites you.
You die...

......?.##(#
....!......#
..........##
....hh.....#.
....@hJ......
###..h.†.###.
#...<..#
#......#
########


You could see an endoplasm and 4 jackals.

Vanquished Creatures
  2 bats
  A giant cockroach (D:1)
  A goblin (D:2)
  A kobold (D:1)
  A ball python (D:1)
  A frilled lizard (D:1)
  A rat (D:1)
8 creatures vanquished.

Notes
Turn   | Place    | Note
-------+----------+-------------------------------------------
     0 | D:1      | Liamsmither the Kobold Berserker began the quest for the
                  | Orb.
     0 | D:1      | Reached XP level 1. HP: 14/14 MP: 1/1
   428 | D:1      | Reached XP level 2. HP: 16/19 MP: 2/2
   658 | D:2      | Slain by a jackal

Illustrated notes

Levels and vault maps discovered:
D:1:      nicolae_arrival_somewhat_less_tricky_arrival, layout_loops_ring,
          chequers_garden
D:2:      layout_rooms

Action                     || total
---------------------------++-------
  Melee: Short sword       ||    29
 Invoke: Berserk           ||     2
   Stab: Sleeping          ||     1
 Armour: Animal skin       ||     7
  Dodge: Dodged            ||    45

Table legend: (Time is in decaauts)
 A = Elapsed time spent in this place.
 B = Non-inter-level travel time spent in this place.
 C = Inter-level travel time spent in this place.
 D = Time resting spent in this place.
 E = Time spent auto-exploring this place.
 F = Levels seen in this place.
 G = Mean time per level.
                   A        B        C        D        E       F      G
               +--------+--------+--------+--------+--------+-----+--------+
         Total |    668 |    664 |      4 |      0 |      0 |   2 |  334.0 |
       Dungeon |    668 |    664 |      4 |      0 |      0 |   2 |  334.0 |
               +--------+--------+--------+--------+--------+-----+--------+

Top non-repeatable levels by time:
     D:1: 569 daAuts
     D:2: 99 daAuts
